AoeStats
← Elmo

MegaRandom

508282236Analyzed
3v3 RM · 10d ago on Sep 21, 2026· 34m 55s· 6 players
Game mode
Random Map
Map size
Normal (6 player)
Population
200
Speed
Normal
Resources
Standard
Victory
Conquest
Starting age
Dark Age
Ending age
Imperial Age
RankedLock teamsTeams togetherTeam positionsShared explorationLock speedFull tech treeHidden civsTurbo modeCheats
Victory
Defeat
🇫🇮 Armenians · Finland
1352
+14
🇲🇽 Sicilians · Mexico
1216
+19
🇨🇭 Maya · Switzerland
1136
+23
🇬🇧 Hindustanis · United Kingdom
1343
-21
🇬🇧 Magyars · United Kingdom
1275
-18
🇬🇧 Persians · United Kingdom
1255
-17
GUILLOTINA
7:42 Loom
10:14 Feudal Age
14:30 Castle Age
14:12 Scale Mail Armor
18:57 Chain Mail Armor
Baron279
12:10 Feudal Age
11:31 Loom
16:17 Double-Bit Axe
16:26 Gold Mining
19:35 Castle Age
17:58 Fletching
18:52 Stone Mining
18:55 Horse Collar
19:49 Padded Archer Armor
21:33 Wheelbarrow
20:28 Crossbowman
24:06 Wheelbarrow
24:53 Pikeman
27:46 Bow Saw
29:00 Scale Mail Armor
30:56 Forging
31:37 Heavy Plow
34:22 Chain Mail Armor
34:48 Hand Cart
pilots_son93
7:27 Loom
9:33 Feudal Age
10:17 Double-Bit Axe
13:12 Man-at-Arms
14:11 Long Swordsman
19:11 Gold Mining
19:51 Arson
23:58 Castle Age
22:02 Gold Mining
23:29 Horse Collar
25:03 Squires
25:04 Scale Mail Armor
27:32 Wheelbarrow
27:37 Two-Handed Swordsman
28:09 Gambesons
29:48 Forging
30:50 Fletching
31:54 Stone Mining
31:52 Pikeman
35:17 Padded Archer Armor
Elmo
8:02 Loom
10:20 Feudal Age
11:24 Double-Bit Axe
11:42 Horse Collar
22:50 Castle Age
21:56 Bloodlines
22:48 Scale Barding Armor
26:08 Bow Saw
31:28 Chain Barding Armor
Mojojojo
10:16 Loom
12:20 Feudal Age
16:52 Castle Age
15:14 Double-Bit Axe
17:44 Scale Barding Armor
29:32 Horse Collar
nickface
5:03 Loom
11:59 Feudal Age
13:11 Double-Bit Axe
13:08 Horse Collar
14:22 Gold Mining
18:09 Castle Age
18:24 Bloodlines
18:23 Scale Barding Armor
18:29 Forging
21:10 Iron Casting
23:06 Chain Barding Armor
28:09 Wheelbarrow
29:26 Hand Cart
31:09 Husbandry
Connection lost

Rejoining the realm…

Still unreachable

The connection could not be restored.

Session expired

The server has moved on; the page needs a fresh start.